 Dungeon Crawl Stone Soup version 0.22-a0-533-g4d20840 (webtiles) character file.

424 GameOver the Conjurer (level 6, -11/49 HPs)
             Began as a Naga Wizard on June 22, 2018.
             Mangled by Menkaure (24 damage)
             ... on level 4 of the Dungeon.
             The game lasted 00:14:43 (2362 turns).

GameOver the Conjurer (Naga Wizard)                 Turns: 2362, Time: 00:14:44

Health: -11/49     AC:  3    Str:  9    XL:     6   Next: 96%
Magic:  3/10       EV: 10    Int: 21    God:
Gold:   251        SH:  0    Dex:  9    Spells: 3/11 levels left

rFire    . . .     SeeInvis +   n - +2 whip (venom)
rCold    . . .     Gourm    .   (no shield)
rNeg     . . .     Faith    .   a - +0 robe
rPois    +         Spirit   .   b - +0 hat
rElec    .         Reflect  .   (no cloak)
rCorr    .         Harm     .   (no gloves)
MR       .....                  (no barding)
Stlth    ++........             (no amulet)
HPRegen  0.16/turn              (no ring)
MPRegen  0.12/turn              (no ring)

@: very slow
A: large, see invisible, deformed body, poison resistance, slowness 2, slow
metabolism 1, spit poison 1, AC +2
a: Spit Poison


You were on level 4 of the Dungeon.
You were hungry.

You visited 2 branches of the dungeon, and saw 5 of its levels.
You also visited: Sewer.

You collected 251 gold pieces.

Inventory:

Hand Weapons
 n - a +2 whip of venom (weapon)
 r - a +0 hunting sling
 u - a +0 dagger of draining
Armour
 a - a +0 robe (worn)
 b - a +0 hat (worn)
Scrolls
 c - 3 scrolls of teleportation
 e - 3 scrolls of enchant weapon {unknown}
 h - 2 scrolls of immolation {unknown}
 i - 2 scrolls of identify {unknown}
 k - 2 scrolls of blinking {unknown}
 o - 3 scrolls of remove curse
 p - a scroll of magic mapping {unknown}
 t - a scroll of fear {unknown}
 v - a scroll of enchant armour {unknown}
Potions
 d - 2 potions of flight {unknown}
 g - a potion of magic {unknown}
 j - a potion of agility {unknown}
 l - 2 potions of curing
 m - 2 potions of lignification {unknown}
 q - a potion of resistance {unknown}
 w - a potion of haste {unknown}
 x - a potion of invisibility {unknown}
 z - a potion of cancellation {unknown}
 A - a potion of might {unknown}
 B - a potion of degeneration {unknown}
Comestibles
 f - 6 rations


   Skills:
 - Level 1.5 Dodging
 - Level 3.0 Stealth
 - Level 3.0 Spellcasting
 + Level 5.1 Conjurations
 + Level 3.9 Summonings
 - Level 1.0 Translocations
 + Level 2.9 Poison Magic


You had 3 spell levels left.
You knew the following spells:

 Your Spells              Type           Power        Failure   Level  Hunger
a - Magic Dart            Conj           ###.         1%          1    None
b - Blink                 Tloc           N/A          13%         2    ##.....
d - Mephitic Cloud        Conj/Pois/Air  ##......     13%         3    ###....
q - Call Imp              Summ           ###.....     4%          2    ##.....

Your spell library contained the following spells:

 Spells                   Type           Power        Failure   Level  Hunger
 Conjure Flame            Conj/Fire      ##......     14%         3    ###....
 Slow                     Hex            #.......     21%         2    ##.....


Dungeon Overview and Level Annotations

Branches:
Dungeon (4/15)             Temple (1/1) D:4

Altars:
Ashenzari
Dithmenos
Elyvilon
Hepliaklqana
Makhleb
Okawaru
Ru
Sif Muna
Trog
Yredelemnul
Zin
The Shining One

Annotations:
D:4 Menkaure


Innate Abilities, Weirdness & Mutations

You cannot wear boots.
Your serpentine skin is tough. (AC +2)
You have supernaturally acute eyesight. (SInv)
Armour fits poorly on your strangely shaped body.
Your system is resistant to poisons. (rPois)
You cover ground very slowly.
You have a slow metabolism.
You can spit poison.


Message History

A beastly little devil appears in a puff of flame.
Your shadow imp hits Menkaure.
Unknown command.
You hit the worm.
The worm looks as sick as possible!
The worm is almost dead.
You kill the worm!
Menkaure hits you!
Your shadow imp hits Menkaure.
Your crimson imp hits Menkaure.
Unknown command.
Casting: Call Imp (safe; 4% risk of failure)
Confirm with . or Enter, or press ? or * to list all spells.
A beastly little devil appears in a puff of flame.
Menkaure hits you!
* * * LOW HITPOINT WARNING * * *
Your shadow imp hits Menkaure.
Your crimson imp barely misses Menkaure.
You feel better. Menkaure closely misses you.
Your shadow imp closely misses Menkaure.
Menkaure hits you!!
You die...

######### #.......##
#........########
#...)....##5....###.#
#......).##..§§.#...#
####........##..@....##
............<..§M.......
...............5.5......
####.....<.#............
#.......#.[........#.
#.......####.........
######### ...######)
..### ...


You could see Menkaure, 2 friendly crimson imps and a friendly shadow imp.

Vanquished Creatures
  Grinder (D:3)
  An ogre (D:3)
  A crocodile (Sewer)
  3 adders
  An ooze (D:3)
  2 worms
  3 leopard geckos
  An orc (D:3)
  4 giant cockroaches
  13 goblins
  7 hobgoblins
  3 jackals (D:2)
  12 kobolds
  4 quokkas
  18 bats
  3 frilled lizards
  5 rats
82 creatures vanquished.

Notes
Turn   | Place    | Note
-------+----------+-------------------------------------------
     0 | D:1      | GameOver the Naga Wizard began the quest for the Orb.
     0 | D:1      | Reached XP level 1. HP: 15/15 MP: 4/4
   132 | D:1      | Reached skill level 2 in Conjurations
   132 | D:1      | Reached XP level 2. HP: 15/22 MP: 3/6
   597 | D:2      | Reached skill level 3 in Conjurations
   597 | D:2      | Reached XP level 3. HP: 18/28 MP: 0/7
   601 | D:2      | Learned a level 2 spell: Blink
   604 | D:2      | Learned a level 2 spell: Call Imp
   608 | D:2      | Learned a level 3 spell: Mephitic Cloud
  1220 | D:2      | Found a shattered altar of Ashenzari.
  1420 | D:2      | Reached XP level 4. HP: 36/36 MP: 5/8
  1531 | D:3      | Found a bloodstained altar of Trog.
  1562 | D:3      | Noticed an ogre
  1573 | D:3      | Killed an ogre
  1573 | D:3      | Reached skill level 4 in Conjurations
  1573 | D:3      | Reached XP level 5. HP: 42/42 MP: 5/9
  1672 | D:3      | Found a glowing drain.
  1744 | Sewer    | Entered a sewer
  1771 | Sewer    | Noticed a crocodile
  1815 | Sewer    | Killed a crocodile
  1815 | Sewer    | Reached skill level 1 in Poison Magic
  1815 | Sewer    | Reached XP level 6. HP: 49/49 MP: 10/10
  1937 | D:3      | Noticed Grinder
  2050 | D:3      | Killed Grinder
  2050 | D:3      | Reached skill level 5 in Conjurations
  2209 | D:4      | Found a staircase to the Ecumenical Temple.
  2240 | D:4      | Noticed Menkaure
  2246 | Temple   | Entered the Ecumenical Temple
  2361 | D:4      | HP: 2/49 [Menkaure (15)]
  2362 | D:4      | Mangled by Menkaure

Vault maps used:
D:1:      minmay_arrival_split_and_join
D:2:      old_standard_altar
D:3:      bloody_trog, cheibrodos_sewer_entry_drain, minmay_bisected,
          uniq_grinder
D:4:      lemuel_doored_altar, vehumet_altar_wand_db,
          minmay_temple_entry_purple_smoke, serial_shops, shop, uniq_pikel,
          uniq_menkaure
Temple:   eino_temple_lava
Sewer:    sewer_big_baddie

Skill      XL: |  1  2  3  4  5  6 |
---------------+-------------------+-----
Conjurations   | 2 3 4 5 |  5.1
Summonings     | 2 3 |  3.9
Poison Magic   | 1 2 |  2.9
Dodging        | |  1.5
Stealth        | |  3.0
Spellcasting   | |  3.0
Translocations | |  1.0

Action                   |  1- 3 |  4- 6 || total
-------------------------+-------+-------++-------
Melee: Whip              |    15 |    29 ||    44
 Cast: Magic Dart        |    47 |    37 ||    84
       Mephitic Cloud    |       |     1 ||     1
       Call Imp          |       |     8 ||     8
 Abil: Spit Poison       |    25 |    22 ||    47
  Use: Scroll            |       |     2 ||     2
       Potion            |       |     2 ||     2
 Stab: Confused          |       |     1 ||     1
  Eat: Ration            |     1 |       ||     1
       Chunk             |     3 |     4 ||     7
Armor: Robe              |     2 |    11 ||    13
Dodge: Dodged            |    14 |    12 ||    26

Table legend:
 A = Spawn XP
 B = Non-spawn XP
 C = Spawn XP percentage of total XP
 D = Spawn monster count
 E = Non-spawn monster count
 F = Spawn count percentage of total count
 G = Total turns spent on level
                    A         B        C        D         E        F      G
               +---------+---------+-------+---------+---------+-------+---------
         Total |       0 |     607 |   0.0 |       0 |      82 |   0.0 |  2362
               +---------+---------+-------+---------+---------+-------+---------
           D:1 |       0 |      33 |   0.0 |       0 |      22 |   0.0 |   588
           D:2 |       0 |      50 |   0.0 |       0 |      22 |   0.0 |   904
           D:3 |       0 |     421 |   0.0 |       0 |      31 |   0.0 |   578
           D:4 |       0 |       4 |   0.0 |       0 |       1 |   0.0 |    47
         Sewer |       0 |      99 |   0.0 |       0 |       6 |   0.0 |   139
               +---------+---------+-------+---------+---------+-------+---------
